 Dungeon Crawl Stone Soup version 0.27-a0-1277-g3808f8b1c9 (webtiles) character file.

Game seed: 11123210825696105238

21643 Glokmah the Destroyer (level 12, -12/87 (91) HPs)
             Began as a Demonspawn Conjurer on June 12, 2021.
             Was a Priest of Sif Muna.
             Mangled by a catoblepas (22 damage)
             ... in a Gauntlet.
             The game lasted 00:46:13 (15071 turns).

Glokmah the Destroyer (Demonspawn Conjurer)        Turns: 15071, Time: 00:46:14

HP:   -12/87 (91)   AC: 15    Str: 11    XL:     12   Next: 56%
MP:   0/23          EV:  7    Int: 34    God:    Sif Muna [***...]
Gold: 866           SH:  0    Dex: 12    Spells: 4/25 levels left

rFire    + . .     SeeInvis .   a - +4 dagger (drain)
rCold    + . .     Faith    .   (no shield)
rNeg     + . .     Spirit   +   v - +1 robe {rC+ rF+}
rPois    .         Reflect  .   O - +2 hat of the Bear Spirit {Spirit, +Rage rN+ Will++}
rElec    .         Harm     .   h - +2 cloak
rCorr    .         Rampage  .   e - +2 pair of gloves {archery}
Will     ++...     NoTele   +   z - +0 pair of boots {Fly}
Stlth    +++++.....             d - amulet of regeneration
HPRegen  1.24/turn              M - ring "Siegi" {Wiz Int+7 Stlth+}
MPRegen  0.18/turn              s - +6 ring of intelligence

@: mighty, channeling, flying, held, lightly drained
A: claws 2, thin metallic scales 2, powered by pain 2, demonic magic 1,
corrupting presence 1
a: Renounce Religion, Evoke Berserk Rage, Channel Magic, Forget Spell


You were in a Gauntlet.
You worshipped Sif Muna.
Sif Muna was most pleased with you.
You visited 3 branches of the dungeon, and saw 13 of its levels.
You also visited: Gauntlet.

You collected 866 gold pieces.

Inventory:

Hand Weapons
 a - a +4 dagger of draining (weapon)
 b - a +4 dagger of protection
 R - the +6 hunting sling of the Coin {vorpal, rElec}
   (You found it on level 3 of the Lair of Beasts)

   Any stone fired from it inflicts extra damage.
   It insulates you from electricity.
Missiles
 m - 7 javelins
 o - 53 poisoned darts
 J - 4 atropa-tipped darts
Armour
 e - a +2 pair of gloves of archery (worn)
 h - a +2 cloak (worn)
 v - a +1 robe of resistance (worn)
 w - a +0 kite shield
 z - a +0 pair of boots of flying (worn)
 N - a scarf of invisibility
 O - the +2 hat of the Bear Spirit (worn) {Spirit, +Rage rN+ Will++}
   (You found it in a Gauntlet)

   It protects you from negative energy.
   It lets you go berserk.
   It greatly increases your willpower.
Jewellery
 d - an amulet of regeneration (around neck)
 i - a ring of ice
 n - a +6 ring of dexterity
 q - a ring of protection from fire
 s - a +6 ring of intelligence (right hand)
 u - a ring of fire
 D - a +6 ring of strength
 M - the ring "Siegi" (left hand) {Wiz Int+7 Stlth+}
   (You found it on level 1 of the Lair of Beasts)

   [ring of wizardry]

   It improves your spell success rate.
   It affects your intelligence (+7).
   It makes you more stealthy.
Wands
 k - a wand of flame (19)
 y - a wand of acid (9)
 K - a wand of paralysis (5)
 L - a wand of digging (4)
Scrolls
 g - a scroll of identify
 t - 3 scrolls of teleportation
 A - 2 scrolls of enchant armour
 C - a scroll of blinking
 P - a scroll of acquirement
Potions
 c - 3 potions of curing
 f - 3 potions of mutation
 j - 4 potions of lignification
 l - 2 potions of degeneration
 p - a potion of haste
 r - a potion of magic
 x - 2 potions of brilliance
 B - 2 potions of heal wounds
 F - a potion of ambrosia
 G - a potion of might
 H - a potion of resistance
 I - a potion of cancellation


   Skills:
 + Level 7.5 Fighting
 * Level 8.1 Short Blades
 - Level 5.0 Dodging
 * Level 9.1 Stealth
 + Level 7.3 Spellcasting
 + Level 9.9 Conjurations
 - Level 7.0 Hexes
 - Level 1.0 Transmutations
 + Level 3.3 Ice Magic
 - Level 1.0 Earth Magic
 + Level 2.5 Invocations


You had 4 spell levels left.
You knew the following spells:

 Your Spells              Type           Power      Damage    Failure   Level
a - Magic Dart            Conj           100%       1d8       1%          1
b - Searing Ray           Conj           100%       3d7       1%          2
c - Dazzling Flash        Conj/Hex       100%       N/A       1%          3
d - Fulminant Prism       Conj/Hex       31%        3d16      1%          4
e - Passwall              Tmut/Erth      15%        N/A       1%          2
f - Ensorcelled Hibernat  Hex/Ice        94%        N/A       1%          2
g - Iskenderun's Mystic   Conj/Tloc      46%        2d10      1%          4
h - Confusing Touch       Hex            56%        N/A       1%          3

Your spell library contained the following spells:

 Spells                   Type           Power      Damage    Failure   Level
 Animate Skeleton         Necr           24%        N/A       1%          1
 Apportation              Tloc           24%        N/A       1%          1
 Corona                   Hex            62%        N/A       1%          1
 Pain                     Necr           48%        1d6       1%          1
 Sandblast                Erth           38%        2d10      1%          1
 Summon Small Mammal      Summ           48%        N/A       1%          1
 Stone Arrow              Conj/Erth      98%        3d13      1%          3
 Tukima's Dance           Hex            56%        N/A       1%          3
 Gell's Gravitas          Tloc           6%         N/A       4%          3
 Vampiric Draining        Necr           6%         2d6       4%          3
 Petrify                  Tmut/Erth      19%        N/A       9%          4
 Animate Dead             Necr           6%         N/A       14%         4
 Metabolic Englaciation   Hex/Ice        23%        N/A       4%          5
 Yara's Violent Unravell  Hex/Tmut       19%        3d9       8%          5
 Lee's Rapid Deconstruct  Erth           9%         3d8*      26%         5
 Agony                    Necr           12%        N/A       34%         5


Dungeon Overview and Level Annotations

Branches:
Dungeon (8/15)             Temple (1/1) D:5            Lair (4/6) D:8
 Shoals (0/4) Lair:3        Snake (0/4) Lair:4      Gauntlet (1/1)

Altars:
Ashenzari
Cheibriados
Elyvilon
Fedhas
Gozag
Hepliaklqana
Nemelex Xobeh
Okawaru
Qazlal
Sif Muna
Trog
Uskayaw
Vehumet
Wu Jian
Xom
Yredelemnul
Zin
The Shining One

Shops:
D:1 !   D:2 (   D:6 =   D:7 [

Annotations:
D:5 2 transporters, DeathSun's ghost, novice GrFi Gauntlet 9 transporters, 21 runed translucent doors


Innate Abilities, Weirdness & Mutations

You have very sharp fingernails.
You are mostly covered in thin metallic scales. (AC +3)
You sometimes gain power by taking damage.
Spells you cast may paralyse adjacent enemies.
Your presence sometimes corrodes those you injure.


Message History

Aiming: Fulminant Prism (safe; 1% risk of failure)
Press: ? - help, Dir - move target, p - gargoyle You conjure a prism of explosive energy!
Malevolent energies surge around you.
A fulminant prism comes into view.
The molten gargoyle misses you.
Unknown command.
Casting: Fulminant Prism (safe; 1% risk of failure)
Confirm with . or Enter, or press ? or * to list all spells.
Aiming: Searing Ray (safe; 1% risk of failure)
Press: ? - help, Shift-Dir - straight line, f - gargoyle
Aim: a gargoyle, wielding a +0 mace (severely damaged, 92% to hit)
The searing ray hits the molten gargoyle!
The molten gargoyle is moderately damaged.
The searing ray misses the gargoyle. (Press . to maintain the ray.) Malevolent energies surge around you.
The molten gargoyle hits you with a +1 flail of draining!
You focus on the pain.
You feel mightier all of a sudden.
You are engulfed in flames.
You resist.
* * * LOW HITPOINT WARNING * * *
You partially resist.
You feel drained.
* * * LOW HITPOINT WARNING * * *
The catoblepas barely misses you.
Your fulminant prism crackles loudly.
Unknown command.
The searing ray hits the molten gargoyle!
The molten gargoyle is severely damaged.
The searing ray hits the gargoyle.
The gargoyle is almost destroyed.
The molten gargoyle hits you with a +1 flail of draining!
* * * LOW HITPOINT WARNING * * *
You are engulfed in flames.
You resist.
* * * LOW HITPOINT WARNING * * *
You partially resist.
You feel drained.
* * * LOW HITPOINT WARNING * * *
The gargoyle drops a net on you.
You become entangled in the net!
The catoblepas gores you!!
You die...

.............≈##8#
#####################
...§§∩≈..........§§§#
....§..............§#
####...###########§.###
..##...#".#?©(...#..#8#
.#.#...#...#.....#..###
#..#...#...#^...##..#
...#...#....#.##@#..###
...#...#..^###99Y#..#8#
...#...#.##.#©...#..###
#..#...##....#§^*#..#
.#.#...#.....#...#..###
..##...#.....^#..#..#8#
####...###########..###
.....≈....#.©.#.....#
....≈8≈...#...#.8...###


You could see a catoblepas (ally target), a molten gargoyle, a gargoyle and a
friendly fulminant prism.

Vanquished Creatures
  A hydra (Lair:1)
  Fannar (Lair:2)
  A two-headed ogre (D:8)
  Urug (Lair:2)
  An ugly thing (D:7)
  The ghost of Kinoniko the Cleaver, a novice DsBe of Trog (D:6)
  An oklob plant (Lair:3)
  5 elephants (Lair:3)
  3 black mambas
  6 cane toads
  A rime drake (Lair:3)
  3 komodo dragons
  An efreet (Gauntlet)
  11 blink frogs
  A vampire (D:6)
  Grum (Lair:1)
  17 yaks
  5 basilisks
  A fire elemental (Gauntlet)
  An acid dragon (D:4)
  11 water moccasins
  2 hell hounds (Gauntlet)
  An orc warrior (D:8)
  2 ice beasts
  2 black bears
  3 ogres
  5 necrophages
  21 wolves
  2 centaurs
  A phantom (D:5)
  2 kobold brigands
  7 bullfrogs
  3 scorpions
  A water moccasin zombie (D:6)
  2 water moccasin skeletons
  5 wights (D:6)
  A bullfrog zombie (D:5)
  A jelly (D:7)
  A centaur zombie (D:5)
  6 orc priests
  2 hounds (D:6)
  A centaur skeleton (D:7)
  5 iguanas
  A scorpion zombie (D:5)
  10 orc wizards
  A howler monkey zombie (D:7)
  5 adders
  7 gnolls
  A shadow imp (D:7)
  2 white imps
  An adder zombie (D:5)
  4 worms
  A dart slug (D:1)
  22 orcs
  4 bats
  5 endoplasms
  4 giant cockroaches
  6 hobgoblins
  17 jackals
  11 kobolds
  A quokka (D:3)
  5 ball pythons
  5 frilled lizards
  7 goblins
  7 rats
277 creatures vanquished.

Vanquished Creatures (others)
  29 fulminant prisms
  12 fungi
  22 plants
  14 withered plants (Gauntlet)
77 creatures vanquished.

Grand Total: 354 creatures vanquished

Notes
Turn   | Place    | Note
-------+----------+-------------------------------------------
     0 | D:1      | Glokmah the Demonspawn Conjurer began the quest for the
                  | Orb.
     0 | D:1      | Reached XP level 1. HP: 13/13 MP: 3/3
   393 | D:1      | Found Weliusi's Distillery.
   403 | D:1      | Gained mutation: You are partially covered in thin metallic
                  | scales. (AC +2) [demonic ancestry]
   403 | D:1      | Reached XP level 2. HP: 20/20 MP: 1/5
   419 | D:1      | Learned a level 2 spell: Searing Ray
  1034 | D:2      | Reached skill level 1 in Fighting
  1057 | D:2      | Found a faded altar of an unknown god.
  1160 | D:2      | Reached XP level 3. HP: 26/26 MP: 0/6
  1334 | D:2      | Found an ornate altar of the Wu Jian Council.
  1339 | D:2      | Learned a level 3 spell: Dazzling Flash
  1368 | D:2      | Found Kaorus's Antique Weapon Boutique.
  1791 | D:2      | Reached XP level 4. HP: 32/32 MP: 0/7
  2857 | D:3      | Reached skill level 1 in Hexes
  2953 | D:3      | Reached skill level 5 in Conjurations
  2953 | D:3      | Gained mutation: You have sharp fingernails. [demonic
                  | ancestry]
  2953 | D:3      | Reached XP level 5. HP: 38/38 MP: 2/9
  3635 | D:4      | Noticed an acid dragon
  3639 | D:4      | Noticed an ogre
  3882 | D:3      | Killed an ogre
  3883 | D:3      | Gained mutation: Spells you cast may paralyse adjacent
                  | enemies. [demonic ancestry]
  3883 | D:3      | Reached XP level 6. HP: 23/44 MP: 3/10
  4232 | D:4      | Killed an acid dragon
  4233 | D:4      | Reached XP level 7. HP: 36/51 MP: 0/12
  4561 | D:4      | Learned a level 4 spell: Fulminant Prism
  4648 | D:4      | Learned a level 2 spell: Passwall
  4934 | D:5      | Entered Level 5 of the Dungeon
  5103 | D:5      | Found a staircase to the Ecumenical Temple.
  5115 | Temple   | Entered the Ecumenical Temple
  5327 | D:5      | Noticed a yak
  5330 | D:5      | Found a transporter.
  5330 | D:5      | Noticed DeathSun's ghost (novice GrFi)
  5338 | D:5      | Found a transporter.
  5524 | D:5      | Reached skill level 1 in Earth Magic
  5530 | D:5      | Reached skill level 1 in Transmutations
  5635 | D:5      | Gained mutation: You sometimes gain a little power by
                  | taking damage. [demonic ancestry]
  5635 | D:5      | Reached XP level 8. HP: 56/58 MP: 4/14
  6169 | D:5      | Learned a level 2 spell: Ensorcelled Hibernation
  6231 | D:5      | Found a basalt altar of Yredelemnul.
  6232 | D:5      | Found a hide-covered altar of Uskayaw.
  6232 | D:5      | Found a shimmering blue altar of Sif Muna.
  6240 | D:5      | Became a worshipper of Sif Muna the Loreminder
  6547 | D:6      | Reached skill level 1 in Short Blades
  6547 | D:6      | Gained mutation: You have very sharp fingernails. [demonic
                  | ancestry]
  6547 | D:6      | Reached XP level 9. HP: 59/65 MP: 9/16
  6572 | D:6      | Found a glowing drain.
  6877 | D:6      | Found a large runed translucent door.
  6878 | D:6      | Found a large runed translucent door.
  6878 | D:6      | Noticed Kinoniko's ghost (novice DsBe)
  6895 | D:6      | Killed Kinoniko's ghost
  7274 | D:6      | Found Itodghog's Jewellery Boutique.
  7295 | D:6      | Reached skill level 5 in Spellcasting
  7369 | D:6      | Learned a level 4 spell: Iskenderun's Mystic Blast
  7882 | D:7      | Reached skill level 5 in Dodging
  8053 | D:7      | Found Xorus's Armour Shoppe.
  8181 | D:7      | Reached * piety under Sif Muna
  8368 | D:7      | Reached skill level 5 in Fighting
  8567 | D:7      | Noticed a purple ugly thing
  8575 | D:7      | Killed a purple ugly thing
  8576 | D:7      | Gained mutation: You are mostly covered in thin metallic
                  | scales. (AC +3) [demonic ancestry]
  8576 | D:7      | Reached XP level 10. HP: 70/74 MP: 7/18
  8783 | D:7      | Reached skill level 5 in Hexes
  9303 | D:8      | Reached skill level 5 in Stealth
  9713 | D:8      | Found a bloodstained altar of Trog.
  9727 | D:8      | Found an ornate altar of the Wu Jian Council.
  9740 | D:8      | Found an iron altar of Okawaru.
  9743 | D:8      | Found a blossoming altar of Fedhas.
  9743 | D:8      | Noticed a two-headed ogre
  9749 | D:8      | Killed a two-headed ogre
  9807 | D:8      | Reached ** piety under Sif Muna
  9900 | D:8      | Found a staircase to the Lair.
 10020 | D:8      | Found a faded altar of an unknown god.
 10021 | D:8      | Found a hazy altar of Hepliaklqana.
 10121 | Lair:1   | Entered Level 1 of the Lair of Beasts
 10121 | Lair:1   | Noticed Grum
 10127 | Lair:1   | Noticed a cane toad
 10128 | Lair:1   | Killed Grum
 10131 | Lair:1   | Reached skill level 5 in Short Blades
 10281 | D:8      | Killed a cane toad
 10386 | Lair:1   | Gained mutation: You sometimes gain power by taking damage.
                  | [demonic ancestry]
 10386 | Lair:1   | Reached XP level 11. HP: 81/81 MP: 15/20
 10997 | Lair:1   | Noticed a six-headed hydra
 11004 | Lair:1   | Killed a six-headed hydra
 11059 | Lair:1   | Identified the ring "Siegi" {Wiz Int+7 Stlth+}
 11100 | Lair:1   | Learned a level 3 spell: Confusing Touch
 11725 | Lair:2   | Reached skill level 1 in Ice Magic
 12185 | Lair:2   | Noticed Fannar
 12202 | Lair:2   | Killed Fannar
 12731 | Lair:2   | Noticed Urug
 12736 | Lair:2   | Killed Urug
 12736 | Lair:2   | Reached *** piety under Sif Muna
 13000 | Lair:3   | Gained mutation: Your presence sometimes corrodes those you
                  | injure. [demonic ancestry]
 13000 | Lair:3   | Reached XP level 12. HP: 91/91 MP: 19/22
 13308 | Lair:3   | Found a staircase to the Shoals.
 13768 | Lair:3   | Identified the +6 hunting sling of the Coin {vorpal, rElec}
 13970 | Lair:3   | Reached skill level 1 in Invocations
 14603 | Lair:4   | Identified a scroll of acquirement
 14607 | Lair:4   | Found a gate leading to a gauntlet.
 14614 | Gauntlet | Entered a Gauntlet
 14614 | Gauntlet | Found a transporter.
 14614 | Gauntlet | Found a transporter.
 14614 | Gauntlet | Found the +2 hat of the Bear Spirit {Spirit, +Rage rN+
                  | Will++}
 14615 | Gauntlet | Found a transporter.
 14617 | Gauntlet | Found a transporter.
 14618 | Gauntlet | Found a transporter.
 14621 | Gauntlet | Noticed a tengu warrior
 14628 | Gauntlet | Noticed a catoblepas
 14630 | Gauntlet | Found a transporter.
 14633 | Gauntlet | Found a transporter.
 14641 | Gauntlet | Found a transporter.
 14645 | Gauntlet | Found a large runed translucent door.
 14646 | Gauntlet | Found a large runed translucent door.
 14647 | Gauntlet | Found a large runed translucent door.
 14647 | Gauntlet | Found a large runed translucent door.
 14648 | Gauntlet | Found a runed translucent gate.
 14649 | Gauntlet | Found a transporter.
 14649 | Gauntlet | Found a runed translucent gate.
 14650 | Gauntlet | Found a runed translucent gate.
 14651 | Gauntlet | Found a large runed translucent door.
 14651 | Gauntlet | Found a large runed translucent door.
 14652 | Gauntlet | Found a large runed translucent door.
 14653 | Gauntlet | Found a large runed translucent door.
 14662 | Gauntlet | Found a large runed translucent door.
 14662 | Gauntlet | Found a large runed translucent door.
 14662 | Gauntlet | Found a runed translucent door.
 14662 | Gauntlet | Found a runed translucent door.
 14663 | Gauntlet | Found a large runed translucent door.
 14664 | Gauntlet | Found a large runed translucent door.
 14666 | Gauntlet | Found a transporter.
 14674 | Gauntlet | Found a transporter.
 14692 | Gauntlet | Found a transporter.
 14783 | Gauntlet | Found a large runed translucent door.
 14784 | Gauntlet | Found a large runed translucent door.
 14785 | Gauntlet | Found a large runed translucent door.
 14785 | Gauntlet | Found a large runed translucent door.
 15071 | Gauntlet | Mangled by a catoblepas

Illustrated notes

Levels and vault maps discovered:
D:1:      minmay_arrival_hallway, layout_rooms, serial_shops, shop
D:2:      layout_loops_ring, shapermc_ecumenical_altar_hornbeckon, basic_altar,
          serial_shops, shop, minmay_distorted
D:3:      layout_loops_ring, st_stairs_1
D:4:      layout_cave_pools
D:5:      minmay_bubble_buster, layout_basic,
          gammafunk_temple_overflow_forgotten, minmay_temple_entry_antechambers,
          gammafunk_ghost_arena
D:6:      layout_basic, cheibrodos_sewer_entry_bend,
          ebering_ghost_disaster_area, minmay_shop_enchanted_jewellery
D:7:      layout_basic, serial_shops, shop_coins
D:8:      layout_basic, grunt_temple_overflow_cloverleaf,
          beargit_hepliaklqana_dungeon_heroes, dpeg_oklobed_lair
Temple:   zaba_magenta_temple
Lair:1:   cheibrodos_lair_river_kwai, layout_concentric_octagons, st_stairs_5,
          chequers_serial_rivers_room_a, patterned_corridor,
          infiniplex_staircase_pool, uniq_grum
Lair:2:   layout_chaotic_city, uniq_fannar, uniq_urug
Lair:3:   nzn_winding_woodlands_three_and_one
          [nzn_winding_woodlands_5x15_river_crossing,
          nzn_winding_woodlands_5x15_crooked, nzn_winding_woodlands_5x15_eye,
          nzn_winding_woodlands_center_diamonds], layout_big_grid,
          elwin_shoals_entry_rocks, minmay_lair_oklob_chamber,
          grunt_megastairs_2
Lair:4:   layout_misc_corridors, minmay_snake_entry_guardpost_small,
          gauntlet_entry_generic, ebering_ghost_reflecting_pool,
          kennysheep_rathole, uniq_snorg
Gauntlet: gammafunk_gauntlet_shortcut [nicolae_gauntlet_arena_quarters,
          nicolae_gauntlet_swirl, gammafunk_gauntlet_arena_arrow_garden,
          nicolae_gauntlet_arena_t_cross,
          minmay_gauntlet_arena_make_your_own_arena, nicolae_gauntlet_arena_x,
          gauntlet_exit_spiral]

Skill      XL: |  1  2  3  4  5  6  7  8  9 10 11 12 |
---------------+-------------------------------------+-----
Dodging        | 2 3 4 5 |  5.0
Fighting       | 1 2 3 4 5 6 7 |  7.5
Hexes          | 1 2 3 4 5 6 7 |  7.0
Conjurations   | 5 6 7 8 9 |  9.9
Spellcasting   | 3 4 5 6 7 |  7.3
Earth Magic    | 1 |  1.0
Transmutations | 1 |  1.0
Stealth        | 2 4 6 8 9 |  9.1
Short Blades   | 1 3 5 7 8 |  8.1
Ice Magic      | 2 3 |  3.3
Invocations    | 2 |  2.5

Action                   |  1- 3 |  4- 6 |  7- 9 | 10-12 || total
-------------------------+-------+-------+-------+-------++-------
Melee: Mace              |     7 |       |       |       ||     7
       Dagger            |    11 |    19 |    52 |   132 ||   214
       Short sword       |     4 |       |       |       ||     4
 Cast: Magic Dart        |    44 |    29 |    49 |    78 ||   200
       Searing Ray       |     9 |    25 |    37 |    44 ||   115
       Dazzling Flash    |       |     1 |     1 |       ||     2
       Fulminant Prism   |       |       |     7 |    23 ||    30
       Ensorcelled Hiber |       |       |     4 |    63 ||    67
       Confusing Touch   |       |       |       |     1 ||     1
Invok: Channel Magic     |       |       |       |     1 ||     1
  Use: Scroll            |       |     7 |     5 |    11 ||    23
       Potion            |       |       |       |     1 ||     1
 Stab: Paralysed         |       |     1 |    14 |    24 ||    39
       Sleeping          |       |       |     6 |    41 ||    47
       Confused          |       |       |       |     2 ||     2
Armor: Robe              |     9 |       |     9 |    89 ||   107
       Leather armour    |       |    23 |    32 |       ||    55
Dodge: Dodged            |    23 |    66 |    71 |   124 ||   284

Table legend: (Time is in decaauts)
 A = Elapsed time spent in this place.
 B = Non-inter-level travel time spent in this place.
 C = Inter-level travel time spent in this place.
 D = Time resting spent in this place.
 E = Time spent auto-exploring this place.
 F = Levels seen in this place.
 G = Mean time per level.
                   A        B        C        D        E       F      G
               +--------+--------+--------+--------+--------+-----+--------+
         Total |  15092 |  14060 |   1032 |   1797 |   9717 |  14 | 1078.0 |
       Dungeon |  10188 |   9411 |    777 |   1074 |   6565 |   8 | 1273.5 |
        Temple |    194 |    142 |     52 |      0 |    127 |   1 |  194.0 |
          Lair |   4252 |   4049 |    203 |    638 |   2850 |   4 | 1063.0 |
      Gauntlet |    456 |    456 |      0 |     85 |    174 |   1 |  456.0 |
               +--------+--------+--------+--------+--------+-----+--------+

Top non-repeatable levels by time:
     D:3: 1873 daAuts
  Lair:3: 1605 daAuts
  Lair:1: 1597 daAuts
     D:7: 1424 daAuts
     D:6: 1365 daAuts
     D:5: 1314 daAuts
     D:2: 1249 daAuts
     D:8: 1092 daAuts
  Lair:2: 1034 daAuts
     D:1: 977 daAuts
     D:4: 892 daAuts
Gauntlet: 456 daAuts
  Temple: 194 daAuts
  Lair:4: 15 daAuts
